 Dungeon Crawl Stone Soup version 0.28-a0-1524-ge72afd5fc6 (webtiles) character file.

Game seed: 17611883942111780077

31 ytrimaz the Insei (level 3, 23/23 HPs)
             Began as an Octopode Transmuter on Jan 17, 2022.
             Was a Follower of Qazlal.
             Quit the game on level 1 of the Dungeon.
             The game lasted 00:01:42 (1387 turns).

ytrimaz the Insei (Octopode Transmuter)             Turns: 1387, Time: 00:01:43

Health: 23/23      AC:  1    Str:  9    XL:     3   Next: 22%
Magic:  6/6        EV: 13    Int: 17    God:    Qazlal [*.....]
Gold:   24         SH:  1    Dex: 12    Spells: 1/7 levels left

rFire   . . .      SeeInvis .     - Unarmed
rCold   . . .      Faith    .   (no shield)
rNeg    . . .      Spirit   .   (helmet restricted)
rPois   .          Reflect  .   (no amulet)
rElec   .          Harm     .   (no ring)
rCorr   .          Rampage  .   (no ring)
Will    .....                   (no ring)
Stlth   ++........              (no ring)
HPRegen 0.07/turn               (no ring)
MPRegen 0.10/turn               (no ring)
                                (no ring)
                                (no ring)

@: no status effects
A: almost no armour, amphibious, 8 rings, camouflage 1, gelatinous body 1,
(nimble swimmer 1), tentacles
a: Renounce Religion


You were on level 1 of the Dungeon.
You worshipped Qazlal.
Qazlal was aware of your devotion.
You visited 1 branch of the dungeon, and saw 1 of its levels.

You collected 24 gold pieces.

Inventory:

Scrolls
 b - a scroll of teleportation


   Skills:
 - Level 1.0 Fighting
 - Level 2.0 Dodging
 + Level 3.4 Unarmed Combat
 * Level 2.5 Spellcasting
 * Level 2.5 Transmutations


You had one spell level left.
You knew the following spells:

 Your Spells              Type           Power      Damage    Failure   Level
a - Beastly Appendage     Tmut           20%        N/A       7%          1
b - Wereblood             Tmut           10%        N/A       10%         2
c - Spider Form           Tmut/Pois      6%         N/A       32%         3

Your spell library contained the following spells:

 Spells                   Type           Power      Damage    Failure   Level
 Ice Form                 Ice/Tmut       6%         N/A       73%         4


Dungeon Overview and Level Annotations

Branches:
Dungeon (1/15)

Altars:
Qazlal


Innate Abilities, Weirdness & Mutations

You cannot wear most types of armour.
You are amphibious.
You can wear up to eight rings at the same time.
Your skin changes colour to match your surroundings (Stealth+).
Your rubbery body absorbs attacks. (AC +1, EV +1)
((You are camouflaged when in or above water. (Stealth+)))
You have tentacles for arms and can constrict up to eight enemies at once.


Message History

One of your tentacles grows a vicious spike.
The hobgoblin hits you.
You tentacle-slap the hobgoblin but do no damage.
Your grab misses the hobgoblin.
You pierce the hobgoblin, but do no damage.
The hobgoblin barely misses you.
You tentacle-slap the hobgoblin. You grab the hobgoblin.
The hobgoblin is heavily wounded.
You constrict the hobgoblin. The hobgoblin misses you.
You barely miss the hobgoblin.
You pierce the hobgoblin.
You kill the hobgoblin!
Your transformation is almost over.
There is a faded altar of an unknown god here.
You cannot tell which god this altar belongs to.
Convert to them anyway?
Qazlal accepts your prayer! Qazlal welcomes you!
Qazlal grants you and your divine allies immunity to clouds.
You are now surrounded by a storm.
Your tentacle spike disappears.
You see here a rat corpse.
You open the door.
You see here a ball python skeleton.
You open the door.
There is an open door here.
There is an open door here.
There is an open door here.
As you open the door, it creaks loudly!
There is an open door here.
There is an open door here.
You see here a +0 short sword.
There is an open door here.
You open the door.
There is an open door here.
There is an open door here.
You open the door.
There is an open door here.
You see here 11 stones.
Key pressed, stopping explore.
Okay, then.
Are you sure you want to abandon this character and quit the game? (Confirm with "yes".)

#.........#
##...## #.#
#####.##### ##'##
#.# #.# #.# #.#
#.# #.#########..
#.# ##..........##
...
######...#######.#
.. ..##.....# #.#
#.###...## #.#
#@####..#######.##
#(................
#######.#######.##
#.........#
###########


There were no monsters in sight!

Vanquished Creatures
  A dart slug (D:1)
  2 ball pythons (D:1)
  6 bats (D:1)
  4 giant cockroaches (D:1)
  2 goblins (D:1)
  4 hobgoblins (D:1)
  A frilled lizard (D:1)
  3 kobolds (D:1)
  4 rats (D:1)
  A spectral hobgoblin (D:1)
28 creatures vanquished.

Notes
Turn   | Place    | Note
-------+----------+-------------------------------------------
     0 | D:1      | ytrimaz the Octopode Transmuter began the quest for the
                  | Orb.
     0 | D:1      | Reached XP level 1. HP: 13/13 MP: 3/3
   280 | D:1      | Reached XP level 2. HP: 18/18 MP: 3/5
   283 | D:1      | Learned a level 2 spell: Wereblood
   832 | D:1      | Reached XP level 3. HP: 19/23 MP: 4/6
   836 | D:1      | Learned a level 3 spell: Spider Form
  1047 | D:1      | Found a faded altar of an unknown god.
  1180 | D:1      | Prayed at the altar of an unknown god.
  1180 | D:1      | Became a worshipper of Qazlal Stormbringer
  1180 | D:1      | Reached * piety under Qazlal
  1387 | D:1      | Quit the game

Illustrated notes

Levels and vault maps discovered:
D:1:      beargit_arrival_diablo_church, layout_loops_corners,
          dreamdust_ecumenical_altar_drowned_temple, minmay_misc_feat_chi,
          kennysheep_minor_cross

Action                   || total
-------------------------++-------
Melee: Unarmed           ||    55
       Kick              ||    16
       Constrict         ||    10
       Tentacles         ||     5
       Punch             ||     2
 Cast: Beastly Appendage ||    18
       Wereblood         ||     2
  Use: Scroll            ||     1
 Stab: Sleeping          ||     6
Armor: Skin              ||     7
Dodge: Dodged            ||    46

Table legend: (Time is in decaauts)
 A = Elapsed time spent in this place.
 B = Non-inter-level travel time spent in this place.
 C = Inter-level travel time spent in this place.
 D = Time resting spent in this place.
 E = Time spent auto-exploring this place.
 F = Levels seen in this place.
 G = Mean time per level.
                   A        B        C        D        E       F      G
               +--------+--------+--------+--------+--------+-----+--------+
         Total |   1384 |   1384 |      0 |      0 |   1160 |   1 | 1384.0 |
       Dungeon |   1384 |   1384 |      0 |      0 |   1160 |   1 | 1384.0 |
               +--------+--------+--------+--------+--------+-----+--------+

Top non-repeatable levels by time:
     D:1: 1384 daAuts
